 Dungeon Crawl Stone Soup version 0.31-a0-1612-g4aaf141004 (webtiles) character file.

Game seed: 366222832099506503

1241 ytrimaz the Apothecary (level 8, -1/52 HPs)
             Began as a Demonspawn Alchemist on Jan 10, 2024.
             Was a Follower of Vehumet.
             Killed from afar by an electric eel (9 damage)
             ... with a bolt of electricity
             ... on level 6 of the Dungeon.
             The game lasted 00:10:46 (5815 turns).

ytrimaz the Apothecary (Demonspawn Alchemist)       Turns: 5815, Time: 00:10:47

Health: -1/52      AC:  6    Str:  9    XL:     8   Next: 25%
Magic:  13/15      EV: 12    Int: 17    God:    Vehumet [*.....]
Gold:   180        SH:  5    Dex: 14    Spells: 6/17 levels left

rFire   . . .        c - +2 dagger (flame)
rCold   . . .        (no shield)
rNeg    . . .        a - +0 robe
rPois   .            (no helmet)
rElec   .            (no cloak)
rCorr   +            (gloves unavailable)
SInv    .            (no boots)
Will    .....        t - amulet of reflection
Stlth   ++           e - +4 ring of protection
HPRegen 0.28/turn    g - ring of resist corrosion
MPRegen 0.14/turn

%: reflection
@: no status effects
A: demonic guardian 1, spiny 1, demonic touch 3
a: Renounce Religion


You were on level 6 of the Dungeon.
You worshipped Vehumet.
Vehumet was aware of your devotion.
You visited 2 branches of the dungeon, and saw 7 of its levels.

You collected 224 gold pieces.
You spent 44 gold pieces at shops.


Innate Abilities, Weirdness & Mutations

A weak demonic guardian rushes to your aid.
You are partially covered in sharp spines.
Your touch may irresistibly damage your foes and sap their willpower.


   Skills:
 - Level 0.2 Short Blades
 - Level 2.3 Dodging
 - Level 1.7 Stealth
 + Level 5.3 Spellcasting
 - Level 1.0 Conjurations
 + Level 4.0 Fire Magic
 - Level 1.1 Air Magic
 + Level 7.1 Alchemy


You had 6 spell levels left.
You knew the following spells:

 Your Spells              Type           Power      Damage    Failure   Level
a - Sting                 Conj/Alch      72%        1d7       2%          1
b - Mercury Vapours       Alch/Air       36%        N/A       3%          2
c - Olgreb's Toxic Radia  Alch           28%        N/A       8%          4
d - Sticky Flame          Fire/Alch      23%        2d6       14%         4

Your spell library contained the following spells:

 Spells                   Type           Power      Damage    Failure   Level
 Magic Dart               Conj           28%        1d4       9%          1
 Mephitic Cloud           Conj/Alch/Air  14%        N/A       12%         3
 Tukima's Dance           Hex            4%         N/A       38%         3
 Yara's Violent Unravell  Hex/Alch       8%         3d5       65%         5
 Passage of Golubria      Tloc           4%         N/A       80%         4

Inventory:

Hand Weapons
 c - a +2 dagger of flaming (weapon)
   (You took it off a kobold on level 1 of the Dungeon)
Missiles
 d - a throwing net
Armour
 a - a +0 robe (worn)
Jewellery
 e - a +4 ring of protection (left hand)
   (You found it on level 1 of the Dungeon)
 g - a ring of resist corrosion (right hand)
   (You found it on level 4 of the Dungeon)
 r - a ring of fire
   (You found it on level 4 of the Dungeon)
 t - an amulet of reflection (around neck)
   (You found it on level 5 of the Dungeon)
Scrolls
 h - a scroll of torment
 o - a scroll of brand weapon
 p - a scroll of teleportation
 q - a scroll of enchant armour {unknown}
 s - a scroll of noise {unknown}
 u - a scroll of amnesia {unknown}
Potions
 b - a potion of magic
 i - a potion of attraction {unknown}
 k - a potion of haste {unknown}
 m - a potion of enlightenment

Dungeon Overview and Level Annotations

Branches:
Dungeon (6/15) Zot: 26684  Temple (1/1) D:4 Zot: 5966

Altars:
Ashenzari
Cheibriados
Dithmenos
Gozag
Hepliaklqana
Kikubaaqudgha
Nemelex Xobeh
Okawaru
Sif Muna
Trog
Vehumet
Wu Jian
Xom
Yredelemnul

Shops:
D:3 *

Annotations:
Temple 2 transporters

###+## ###...<#
#.##...#
#§##...#
##§§§...#
##§§l§§§.#
#§§§gg§l.+ .
.#######g##....
.....).@)g......
.....)..§.s.....
.....)≈≈≈≈S≈≈≈..
.....≈≈≈≈≈≈≈≈≈≈.
....≈≈###≈≈#+#≈≈
....≈≈ ≈≈# ≈
....≈≈ ≈≈#
....≈≈ ≈≈≈


You could see an electric eel (very poisoned, weak, ally target), a friendly
scorpion (summoned, weak), a friendly iguana (summoned) and 2 friendly gnolls.


Message History

You see here a water moccasin corpse.
You start resting.
An electric eel is nearby! 😨 HP[+3] MP[+1]
You regained 3 hp, and now have 14/52 hp.
Unknown command.
You see here a hound corpse.
You start resting.
An ufetubus is nearby! 😨 HP[+3] MP[+2]
You regained 3 hp, and now have 17/52 hp.
You regained 2 mp, and now have 11/15 mp.
Unknown command.
The ufetubus shouts!
An ufetubus is nearby!
Unknown command.
The ufetubus hits you.
* * * LOW HITPOINT WARNING * * *
The ufetubus hits you.
* * * LOW HITPOINT WARNING * * *
The ufetubus hits you but does no damage.
You block the ufetubus's attack. 😨 HP[-3]
You take 3 damage, and now have 14/52 hp.
Unknown command.
You closely miss the ufetubus.
You touch the ufetubus!
You kill the ufetubus!
Vehumet accepts your kill.
You see here a hound corpse.
Unknown command. 😨 HP[+1] MP[+1]
You start resting. 😨 HP[+5] MP[+3]
You regained 5 hp, and now have 20/52 hp.
Your mp is fully restored (15).
Unknown command. 😨 HP[+1]
As you read the scroll labelled MICWIH FAIGI, it dissolves into smoke.
It was a scroll of fog.
You hear the brisk hiss of an avalanche of sand nearby.
As you read the scroll labelled RAVANU JEJETEP, it crumbles to dust.
Wisps of shadow whirl around you...
It was a scroll of summoning.
Unknown command.
Okay, then. 😨 HP[+1]
You swap places.
You see here a hound corpse.
You swap places.
You see here a water moccasin corpse.
You swap places.
There is an open door here.
Items here: ( ) ÷÷. 😨 HP[+1]
The electric eel shoots out a bolt of lightning at you!
The bolt of electricity hits you!
* * * LOW HITPOINT WARNING * * *
Things that are here:
a +0 whip; a kobold skeleton; 😱 HP[-10]
You take 10 damage, and now have 13/52 hp.
Unknown command.
What are your orders? t - Shout!
Orders for allies: a - Attack new target. r - Retreat! s - Stop attacking. g - Guard the area. f - Follow me.
Anything else - Cancel.
Gang up on whom?
Press: ? - help, Dir - move target, f - electric eel
Aim: an electric eel (water, ally target) Attack!
The electric eel shoots out a bolt of lightning at you!
The bolt of electricity hits you!
* * * LOW HITPOINT WARNING * * *
A demonic guardian appears! 😱 HP[-7]
You take 7 damage, and now have 6/52 hp.
Unknown command.
You feel better.
The electric eel shoots out a bolt of lightning at you!
The bolt of electricity hits your shadow imp!
Your shadow imp dies!
Your shadow imp disappears in a puff of smoke!
The bolt of electricity hits you!
* * * LOW HITPOINT WARNING * * *
😱 HP[+2]
You regained 2 hp, and now have 8/52 hp.
Casting: Olgreb's Toxic Radiance (dangerous; 8% risk of failure)
Confirm with . or Enter, or press ? or * to list all spells.
Okay, then.
Casting: Olgreb's Toxic Radiance (dangerous; 8% risk of failure)
Confirm with . or Enter, or press ? or * to list all spells.
Aiming: Mercury Vapours (safe; 3% risk of failure)
Press: ? - help, Dir - move target, f/p - electric eel
Aim: an electric eel (water, ally target, chance to weaken: 100%) Fumes of mercury billow around the electric eel!
The electric eel is poisoned.
The electric eel looks weaker.
Your scorpion looks weaker.
The electric eel shoots out a bolt of lightning at you!
The bolt of electricity hits you!
You die...

Skill      XL: |  1  2  3  4  5  6  7  8 |
---------------+-------------------------+-----
Dodging        | 2 |  2.3
Spellcasting   | 3 4 5 |  5.3
Alchemy        | 4 5 6 7 |  7.1
Air Magic      | 1 |  1.1
Fire Magic     | 1 2 3 4 |  4.0
Short Blades   | |  0.2
Stealth        | |  1.7
Conjurations   | |  1.0

Action                     |  1- 3 |  4- 6 |  7- 9 || total
---------------------------+-------+-------+-------++-------
  Melee: Unarmed           |    22 |       |       ||    22
         Dagger            |    11 |    61 |    47 ||   119
         Touch             |       |     9 |    12 ||    21
         Punch             |       |       |     1 ||     1
   Cast: Sting             |    54 |    68 |    21 ||   143
         Mercury Vapours   |     5 |    19 |     4 ||    28
         Olgreb's Toxic Ra |       |     2 |     6 ||     8
    Use: Potion            |       |     1 |     2 ||     3
         Scroll            |       |     6 |     3 ||     9
   Stab: Sleeping          |       |     1 |       ||     1
         Distracted        |       |       |     2 ||     2
 Armour: Robe              |    34 |    44 |    42 ||   120
  Dodge: Dodged            |    43 |    57 |    33 ||   133
  Block: Other             |       |       |     8 ||     8

Levels and vault maps discovered:
D:1:      mushboom_english_gardens, layout_basic, ebering_dispersal_statue_hall
D:2:      layout_loops_corners, nicolae_ecumenical_pavilion, uniq_terence,
          uniq_jessica
D:3:      layout_basic, nicolae_overflow_ecumenical_swirl, serial_shops,
          nicolae_shop_behind_doors, st_stairs_9, chequers_serial_rivers_large_a
D:4:      layout_loops_ring, mainiacjoe_overflow_alcove_4,
          general_overflow_altar, minmay_temple_entry_wispy
D:5:      layout_rooms, mainiacjoe_overflow_chevrons
D:6:      minmay_bubble_buster, layout_gridville, grunt_temple_overflow_open,
          serial_shops, shop, enter_ossuary_4, water_boxes_lemuel
Temple:   hellmonk_temple_divided_pantheon

Notes
Turn   | Place    | Note
-------+----------+-------------------------------------------
     0 | D:1      | ytrimaz the Demonspawn Alchemist began the quest for the
                  | Orb.
     0 | D:1      | Reached XP level 1. HP: 13/13 MP: 3/3
     0 | D:1      | magus.rc [v1.9.6]
     0 | D:1      | magus.rc [v1.9.6]
    85 | D:1      | Reached skill level 2 in Dodging
   185 | D:1      | Gained mutation: You are partially covered in sharp spines.
                  | [demonic ancestry]
   185 | D:1      | Reached XP level 2. HP: 19/19 MP: 0/5
   577 | D:1      | Learned a level 2 spell: Mercury Vapours
   700 | D:1      | Reached XP level 3. HP: 24/24 MP: 3/6
  1375 | D:2      | Found a faded altar of an unknown god.
  1455 | D:1      | HP: 4/24 [orc wizard/+0 dagger (4)]
  1456 | D:1      | HP: 1/24 [orc/+0 club (3)]
  1467 | D:1      | Gained mutation: A weak demonic guardian rushes to your
                  | aid. [demonic ancestry]
  1467 | D:1      | Reached XP level 4. HP: 4/30 MP: 1/8
  1468 | D:1      | Reached skill level 3 in Spellcasting
  1468 | D:1      | Reached skill level 4 in Alchemy
  1781 | D:2      | Learned a level 4 spell: Olgreb's Toxic Radiance
  2076 | D:2      | Noticed Jessica
  2081 | D:2      | Killed Jessica
  2146 | D:2      | Noticed Terence
  2148 | D:2      | Gained mutation: Your touch may inflict minor irresistible
                  | damage on your foes. [demonic ancestry]
  2148 | D:2      | Reached XP level 5. HP: 34/35 MP: 8/10
  2159 | D:2      | Killed Terence
  2160 | D:2      | Reached skill level 4 in Spellcasting
  2160 | D:2      | Reached skill level 1 in Air Magic
  2630 | D:2      | Learned a level 4 spell: Sticky Flame
  2798 | D:3      | Found a faded altar of an unknown god.
  2801 | D:3      | Found an opulent altar of Gozag.
  3162 | D:3      | Reached skill level 1 in Fire Magic
  3162 | D:3      | Gained mutation: Your touch may inflict irresistible damage
                  | on your foes. [demonic ancestry]
  3162 | D:3      | Reached XP level 6. HP: 30/41 MP: 4/12
  3229 | D:3      | Found Zewni's General Store.
  3234 | D:3      | Bought a scroll of identify for 22 gold pieces
  3234 | D:3      | Bought a scroll of identify for 22 gold pieces
  3763 | D:4      | Found a staircase to the Ecumenical Temple.
  3773 | Temple   | Found a transporter.
  3773 | Temple   | Found a transporter.
  3773 | Temple   | Found a transporter.
  3773 | Temple   | Found a transporter.
  3773 | Temple   | Entered the Ecumenical Temple
  3789 | Temple   | Became a worshipper of Vehumet
  4115 | D:4      | Found an ornate altar of the Wu Jian Council.
  4635 | D:5      | Entered Level 5 of the Dungeon
  4635 | D:5      | Found a broken altar of Ashenzari.
  4636 | D:5      | Noticed a water moccasin
  4648 | D:5      | Killed a water moccasin
  4649 | D:5      | Reached skill level 2 in Fire Magic
  4649 | D:5      | Reached skill level 5 in Alchemy
  4729 | D:5      | You add the spells Tukima's Dance, Passage of Golubria and
                  | Yara's Violent Unravelling to your library.
  4760 | D:5      | Reached XP level 7. HP: 42/46 MP: 3/13
  5062 | D:5      | Reached skill level 3 in Fire Magic
  5202 | D:5      | Reached * piety under Vehumet
  5202 | D:5      | Offered knowledge of Magic Dart by Vehumet.
  5203 | D:5      | Reached skill level 6 in Alchemy
  5543 | D:6      | HP: 4/46 [electric eel/bolt of electricity (8)]
  5621 | D:6      | HP: 8/46 [water moccasin (6)]
  5626 | D:6      | Reached skill level 5 in Spellcasting
  5626 | D:6      | Gained mutation: Your touch may irresistibly damage your
                  | foes and sap their willpower. [demonic ancestry]
  5626 | D:6      | Reached XP level 8. HP: 16/52 MP: 7/15
  5690 | D:6      | Reached skill level 7 in Alchemy
  5722 | D:6      | Reached skill level 4 in Fire Magic
  5726 | D:6      | HP: 12/52 [poison]
  5731 | D:6      | HP: 6/52 [poison]
  5812 | D:6      | HP: 13/52 [electric eel/bolt of electricity (10)]
  5813 | D:6      | HP: 6/52 [electric eel/bolt of electricity (7)]
  5815 | D:6      | Killed from afar by an electric eel

Vanquished Creatures
  2 water moccasins
  An ice beast (D:6)
  A kobold brigand (D:6)
  A jelly (D:6)
  An electric eel (D:6)
  A howler monkey (D:6)
  2 hounds
  2 orc priests
  2 iguanas (D:5)
  Terence (D:2)
  Jessica (D:2)
  A sleepcap (D:5)
  A gnoll bouda (D:5)
  6 orc wizards
  11 adders
  5 gnolls (D:5)
  A shadow imp (D:5)
  2 ufetubi (D:6)
  A ribbon worm (D:2)
  2 dart slugs
  24 orcs
  12 ball pythons
  An endoplasm (D:2)
  3 giant cockroaches
  9 goblins
  8 hobgoblins
  3 jackals (D:1)
  5 quokkas
  8 bats
  3 frilled lizards
  11 kobolds
  5 rats
137 creatures vanquished.

Vanquished Creatures (collateral kills)
  3 orcs (D:3)
3 creatures vanquished.

Grand Total: 140 creatures vanquished

Table legend:
 A = Non-vault XP
 B = Vault XP
 C = Vault XP percentage of total XP
 D = Non-vault monster count
 E = Vault monster count
 F = Vault count percentage of total count
                 A         B        C        D         E       F
            +---------+---------+-------+---------+---------+-------
      Total |    1289 |     484 |  27.3 |     131 |       9 |   6.4
            +---------+---------+-------+---------+---------+-------
        D:1 |     133 |       0 |   0.0 |      37 |       0 |   0.0
        D:2 |      51 |      75 |  59.5 |      14 |       2 |  12.5
        D:3 |     204 |       4 |   1.9 |      27 |       3 |  10.0
        D:4 |      73 |       0 |   0.0 |      14 |       0 |   0.0
        D:5 |     585 |       0 |   0.0 |      28 |       0 |   0.0
        D:6 |     243 |     405 |  62.5 |      11 |       4 |  26.7
            +---------+---------+-------+---------+---------+-------

Skill      XL: |  1  2  3  4  5  6  7  8 |
---------------+-------------------------+-----
Dodging        | 2 |  2.3
Spellcasting   | 3 4 5 |  5.3
Alchemy        | 4 5 6 7 |  7.1
Air Magic      | 1 |  1.1
Fire Magic     | 1 2 3 4 |  4.0
Short Blades   | |  0.2
Stealth        | |  1.7
Conjurations   | |  1.0

Action                     |  1- 3 |  4- 6 |  7- 9 || total
---------------------------+-------+-------+-------++-------
  Melee: Unarmed           |    22 |       |       ||    22
         Dagger            |    11 |    61 |    47 ||   119
         Touch             |       |     9 |    12 ||    21
         Punch             |       |       |     1 ||     1
   Cast: Sting             |    54 |    68 |    21 ||   143
         Mercury Vapours   |     5 |    19 |     4 ||    28
         Olgreb's Toxic Ra |       |     2 |     6 ||     8
    Use: Potion            |       |     1 |     2 ||     3
         Scroll            |       |     6 |     3 ||     9
   Stab: Sleeping          |       |     1 |       ||     1
         Distracted        |       |       |     2 ||     2
 Armour: Robe              |    34 |    44 |    42 ||   120
  Dodge: Dodged            |    43 |    57 |    33 ||   133
  Block: Other             |       |       |     8 ||     8

Illustrated notes

Table legend:
 A = Kills in this place as a percentage of kills in the entire game.
 B = Kills by you in this place as a percentage of kills by you in the entire game.
 C = Kills by friends in this place as a percentage of kills by friends in the entire game.
 D = Other kills in this place as a percentage of other kills in the entire game.
 E = Experience gained in this place as a percentage of experience gained in the entire game.
 F = Experience gained in this place divided by the number of levels of this place that you have seen.
                   A       B       C       D       E      F
               +-------+-------+-------+-------+-------+----------------------
         Total | 100.0 | 100.0 | 100.0 |   N/A | 100.0 | 253.3
       Dungeon | 100.0 | 100.0 | 100.0 |   N/A | 100.0 | 295.5
               +-------+-------+-------+-------+-------+----------------------

Table legend: (Time is in decaauts)
 A = Elapsed time spent in this place.
 B = Non-inter-level travel time spent in this place.
 C = Inter-level travel time spent in this place.
 D = Time resting spent in this place.
 E = Time spent auto-exploring this place.
 F = Levels seen in this place.
 G = Mean time per level.
                   A        B        C        D        E       F      G
               +--------+--------+--------+--------+--------+-----+--------+
         Total |   5821 |   5703 |    118 |    415 |   4436 |   7 |  831.6 |
       Dungeon |   5787 |   5669 |    118 |    415 |   4436 |   6 |  964.5 |
        Temple |     33 |     33 |      0 |      0 |      0 |   1 |   33.0 |
               +--------+--------+--------+--------+--------+-----+--------+

Top non-repeatable levels by time:
     D:1: 1564 daAuts
     D:2: 1078 daAuts
     D:3: 991 daAuts
     D:4: 973 daAuts
     D:5: 864 daAuts
     D:6: 314 daAuts
  Temple: 33 daAuts
